 Dungeon Crawl Stone Soup version 0.22-a0-412-g2b68d144a4 (webtiles) character file.

280 Kriby the Ruffian (level 6, 0/61 HPs)
             Began as a Troll Monk on May 12, 2018.
             Succumbed to Stone's ghost's poison
             ... on level 3 of the Dungeon.
             The game lasted 00:01:21 (1367 turns).

Kriby the Ruffian (Troll Monk)                      Turns: 1367, Time: 00:01:22

Health: 0/61       AC:  6    Str: 27    XL:     6   Next: 5%
Magic:  1/5        EV: 11    Int:  6    God:
Gold:   94         SH:  0    Dex: 12    Spells: 5/5 levels left

rFire    . . .     SeeInvis .     - Unarmed
rCold    . . .     Gourm    +   (no shield)
rNeg     . . .     Faith    .   a - +0 robe
rPois    .         Spirit   +   (helmet restricted)
rElec    .         Reflect  .   j - +0 cloak
rCorr    .         Harm     .   (gloves unavailable)
MR       .....                  (boots unavailable)
Stlth    ++........             r - amulet of guardian spirit
HPRegen  0.60/turn              (no ring)
MPRegen  0.09/turn              (no ring)

@: mighty, lethally poisoned (0 -> -8)
A: large, unfitting armour, claws 3, fast metabolism 3, gourmand, regeneration
1, shaggy fur 1, tough skin 2
a: no special abilities


You were on level 3 of the Dungeon.
You were very full.

You visited 1 branch of the dungeon, and saw 3 of its levels.

You collected 94 gold pieces.

Inventory:

Armour
 a - a +0 robe (worn)
 j - a +0 cloak (worn)
Jewellery
 r - an amulet of guardian spirit (around neck)
Scrolls
 c - 2 scrolls of fog {unknown}
 e - 2 scrolls of identify {unknown}
 f - a scroll of teleportation {unknown}
 h - a scroll of random uselessness {unknown}
 l - a scroll of blinking {unknown}
 m - 2 scrolls of remove curse {unknown}
 n - a scroll of amnesia {unknown}
 o - a scroll of enchant armour {unknown}
Potions
 d - a potion of might
 g - 2 potions of magic {unknown}
 i - 2 potions of agility {unknown}
 k - 2 potions of degeneration {unknown}
 p - a potion of mutation {unknown}
 q - a potion of berserk rage {unknown}
Comestibles
 b - 7 rations


   Skills:
 + Level 3.4 Fighting
 + Level 3.4 Dodging
 - Level 1.0 Stealth
 * Level 5.2 Unarmed Combat


You had 5 spell levels left.
You didn't know any spells.
Your spell library was empty.

Dungeon Overview and Level Annotations

Branches:
Dungeon (3/15)

Altars:
Trog
Uskayaw

Annotations:
D:3 Stone's ghost, amateur OpCj


Innate Abilities, Weirdness & Mutations

You are too large for most types of armour.
You have claws for hands.
Your metabolism is lightning-fast.
You like to eat raw meat.
Your natural rate of healing is unusually fast.
You are covered in fur. (AC +1)
You have very tough skin. (AC +2)


Message History

* * * LOW HITPOINT WARNING * * *
You feel very sick. Stone's ghost barely misses you.
You miss Stone's ghost.
Stone's ghost is severely damaged.
* * * LOW HITPOINT WARNING * * *
You feel sick. Stone's ghost hits you.
* * * LOW HITPOINT WARNING * * *
You closely miss Stone's ghost.
Stone's ghost is severely damaged.
* * * LOW HITPOINT WARNING * * *
You feel sick.
Stone's ghost hits you but does no damage.
You claw Stone's ghost!
Stone's ghost is almost destroyed.
* * * LOW HITPOINT WARNING * * *
You feel sick. Stone's ghost closely misses you.
You barely miss Stone's ghost.
Stone's ghost is almost destroyed.
You die...

####.##.#########.
..................
.#.#.##.##..#####
..###...##..#
.#.#.##.##..#
.##)# #.##..######
.##.# #..........#
(##.# ####..####.#
.##.# #..# #@#
.##.######..# #W#
.##.........# #..
.........#.## ####
########.#. #.##
#.# #.# #.#


You could see Stone's ghost.

Vanquished Creatures
  Sigmund (D:2)
  Crazy Yiuf (D:2)
  Jessica (D:2)
  An adder (D:1)
  An ooze (D:1)
  2 worms (D:2)
  A dart slug (D:1)
  A leopard gecko (D:1)
  A giant cockroach (D:2)
  10 goblins
  3 hobgoblins (D:2)
  6 jackals
  3 kobolds (D:2)
  3 quokkas (D:2)
  A ball python (D:2)
  8 bats
  2 frilled lizards
  4 rats
50 creatures vanquished.

Notes
Turn   | Place    | Note
-------+----------+-------------------------------------------
     0 | D:1      | Kriby the Troll Monk began the quest for the Orb.
     0 | D:1      | Reached XP level 1. HP: 22/22 MP: 0/0
   124 | D:1      | Reached XP level 2. HP: 29/29 MP: 1/1
   543 | D:2      | Reached XP level 3. HP: 36/36 MP: 2/2
   583 | D:2      | Noticed Sigmund
   584 | D:2      | Found a hide-covered altar of Uskayaw.
   584 | D:2      | Noticed Jessica
   596 | D:2      | Killed Sigmund
   596 | D:2      | Reached skill level 4 in Unarmed Combat
   596 | D:2      | Reached XP level 4. HP: 20/45 MP: 3/3
   596 | D:2      | Reached XP level 5. HP: 23/53 MP: 4/4
   730 | D:2      | Killed Jessica
   730 | D:2      | Reached skill level 5 in Unarmed Combat
   876 | D:2      | Found a bloodstained altar of Trog.
  1033 | D:2      | Found a runed door.
  1220 | D:2      | Noticed Crazy Yiuf
  1225 | D:2      | Killed Crazy Yiuf
  1225 | D:2      | Reached XP level 6. HP: 61/61 MP: 5/5
  1344 | D:3      | Noticed Stone's ghost (amateur OpCj)
  1365 | D:3      | HP: 3/61 [poisoned by Stone's ghost]
  1367 | D:3      | Succumbed to Stone's ghost's poison

Vault maps used:
D:1:      shiori_arrival_oz
D:2:      bloody_trog, eat_drink_and_be_merry_uskayaw, first_ration,
          uniq_crazy_yiuf_cottage, uniq_sigmund, uniq_jessica
D:3:      lemuel_doored_altar, item_on_display_a

Skill      XL: |  1  2  3  4  5 |
---------------+----------------+-----
Fighting       | 3 |  3.4
Dodging        | 3 |  3.4
Unarmed Combat | 4 5 |  5.2
Stealth        | |  1.0

Action                   |  1- 3 |  4- 6 || total
-------------------------+-------+-------++-------
Melee: Unarmed           |    68 |    79 ||   147
       Punch             |     3 |       ||     3
  Use: Potion            |       |     2 ||     2
 Stab: Sleeping          |     1 |       ||     1
  Eat: Chunk             |    11 |     6 ||    17
Armor: Robe              |    41 |    43 ||    84
Dodge: Dodged            |    49 |    63 ||   112

Table legend:
 A = Spawn XP
 B = Non-spawn XP
 C = Spawn XP percentage of total XP
 D = Spawn monster count
 E = Non-spawn monster count
 F = Spawn count percentage of total count
 G = Total turns spent on level
                    A         B        C        D         E        F      G
               +---------+---------+-------+---------+---------+-------+---------
         Total |       0 |     400 |   0.0 |       0 |      50 |   0.0 |  1367
               +---------+---------+-------+---------+---------+-------+---------
           D:1 |       0 |      52 |   0.0 |       0 |      19 |   0.0 |   642
           D:2 |       0 |     345 |   0.0 |       0 |      29 |   0.0 |   639
           D:3 |       0 |       3 |   0.0 |       0 |       2 |   0.0 |    86
               +---------+---------+-------+---------+---------+-------+---------
